Workbook
Name SUELDO_BRUTO_MENSUAL: #REF!

Sheet TABULADOR DE SUELDOS 2020
E2: TABULADOR DE SUELDOS EJERCICIO 2020
A5: PRESIDENCIA MUNICIPAL
A6: CARGO | B6: PUESTOS | C6: AREA DE ADSCRIPCION | D6: PUESTO (SUELDO BRUTO MENSUAL)= | E6: SUELDO BRUTO MENSUAL | F6: SUB EMPLEO | G6: RET. ISR | H6: SUELDO NETO MENSUAL | I6: SUELDO DIARIO
A7: PRESIDENTE MUNICIPAL | B7: 1 | C7: Presidencia | D7: =B7*E7 -> 35571.915 | E7: ='[1]TABULADOR 2019'!$J$10 -> 35571.915 | G7: 6549 | H7: =E7-G7 -> 29022.915 | I7: =H7/30 -> 967.4305
A8: AUXILIAR ADMINISTRATIVO | B8: 5 | C8: Presidencia | D8: =B8*E8 -> 29601 | E8: 5920.2 | G8: 103.56 | H8: =E8-G8 -> 5816.64 | I8: =H8/30 -> 193.888
A9: AUXILIAR ADMINISTRATIVO | C9: Presidencia | D9: =B9*E9 -> 0 | E9: 5920.2 | G9: 103.56 | H9: =E9-G9 -> 5816.64 | I9: =H9/30 -> 193.888
A10: AUXILIAR ADMINISTRATIVO | C10: Presidencia | D10: =B10*E10 -> 0 | E10: 5920.2 | G10: 103.56 | H10: =E10-G10 -> 5816.64 | I10: =H10/30 -> 193.888
A11: AUXILIAR ADMINISTRATIVO A | B11: 1 | C11: Presidencia | D11: =B11*E11 -> 9256 | E11: 9256 | G11: 793.25 | H11: =E11-G11 -> 8462.75 | I11: =H11/30 -> 282.09167
A12: ASESOR ADMINISTRATIVO A | B12: 1 | C12: Presidencia | D12: =B12*E12 -> 13922 | E12: 13922 | G12: 1680.28 | H12: =E12-G12 -> 12241.72 | I12: =H12/30 -> 408.05733
D13: =SUM(D7:D12) -> 88350.915
A14: SECRETARIA MUNICIPAL
A15: CARGO | B15: PUESTOS | C15: AREA DE ADSCRIPCION | D15: PUESTO (SUELDO BRUTO MENSUAL)= | E15: SUELDO BRUTO MENSUAL | F15: SUB EMPLEO | G15: RET. ISR | H15: SUELDO NETO MENSUAL | I15: SUELDO DIARIO
A16: SECRETARIO DEL H. AYUNTAMIENTO | B16: 1 | C16: secretaria | D16: =B16*E16 -> 19900 | E16: 19900 | G16: 3127 | H16: =E16-G16 -> 16773 | I16: =H16/30 -> 559.1
A17: AUXILIAR ADMINISTRATIVO | B17: 4 | C17: secretaria | D17: =B17*E17 -> 23680.8 | E17: 5920.2 | G17: 103.56 | H17: 5816.64 | I17: =H17/30 -> 193.888
D18: =SUM(D16:D17) -> 43580.8
A19: SINDICATURA MUNICIPAL
A20: CARGO | B20: PUESTOS | C20: AREA DE ADSCRIPCION | D20: PUESTO (SUELDO BRUTO MENSUAL)= | E20: SUELDO BRUTO MENSUAL | F20: SUB EMPLEO | G20: RET. ISR | H20: SUELDO NETO MENSUAL | I20: SUELDO DIARIO
A21: SINDICO MUNICIPAL | B21: 1 | C21: sindicatura | D21: =B21*E21 -> 25900 | E21: 25900 | G21: 4350 | H21: =E21-G21+F21 -> 21550 | I21: =H21/30 -> 718.33333
A22: ASESOR JURIDICO | B22: 1 | C22: sindicatura | D22: =B22*E22 -> 14170 | E22: 14170 | G22: 1787.51 | H22: =E22-G22+F22 -> 12382.49 | I22: =H22/30 -> 412.74967
A23: AUXILIAR ADMINISTRATIVOTIPA A | B23: 1 | C23: sindicatura | D23: =B23*E23 -> 9256 | E23: 9256 | G23: 793.25 | H23: 8462.75 | I23: =H23/30 -> 282.09167
A24: SECRETARIA | B24: 1 | C24: sindicatura | D24: =B24*E24 -> 5920.2 | E24: 5920.2 | G24: 109.87 | H24: =E24-G24 -> 5810.33 | I24: =H24/30 -> 193.67767
A25: ENCARGADA DE PATRIMONIO MUNICIPAL | B25: 1 | C25: Oficialia M. | D25: =B25*E25 -> 7162.2 | E25: 7162.2 | G25: 315.71 | H25: =E25-G25 -> 6846.49 | I25: =H25/30 -> 228.21633
D26: =SUM(D21:D25) -> 62408.4
A27: CONTRALORIA MUNICIPAL
A28: CARGO | B28: PUESTOS | C28: AREA DE INSCRIPCION | D28: PUESTO (SUELDO BRUTO MENSUAL)= | E28: SUELDO BRUTO MENSUAL | F28: SUB EMPLEO | G28: RET. ISR | H28: SUELDO NETO MENSUAL | I28: SUELDO DIARIO
A29: CONTRALOR MUNICIPAL | B29: 1 | C29: contraloria | D29: =B29*E29 -> 17310 | E29: 17310 | G29: 2337.74 | H29: =E29-G29+F29 -> 14972.26 | I29: =H29/30 -> 499.07533
A30: AUXILIAR ADMINISTRATIVO | B30: 1 | C30: contraloria | D30: =B30*E30 -> 7650 | E30: 7650 | G30: 342 | H30: =E30-G30 -> 7308 | I30: =H30/30 -> 243.6
D31: =SUM(D29:D30) -> 24960
A33: TESORERIA MUNICIPAL
A34: CARGO | B34: PUESTOS | C34: AREA DE INSCRIPCION | D34: PUESTO (SUELDO BRUTO MENSUAL)= | E34: SUELDO BRUTO MENSUAL | F34: SUB EMPLEO | G34: RET. ISR | H34: SUELDO NETO MENSUAL | I34: SUELDO DIARIO
A35: TESORERO MUNICIPAL | B35: 1 | C35: tesoreria | D35: =B35*E35 -> 18662.085 | E35: ='[2]TABULADOR 2019'!$J$19 -> 18662.085 | G35: ='[2]TABULADOR 2019'!$K$19 -> 2692.76 | H35: =E35-G35+F35 -> 15969.325 | I35: =H35/30 -> 532.31083
A36: AUXILIAR ADMINISTRATIVO | B36: 2 | C36: tesoreria | D36: =B36*E36 -> 11840.4 | E36: 5920.2 | G36: 103.56 | H36: =E36-G36 -> 5816.64 | I36: =H36/30 -> 193.888
A37: ENCARGADO DE REGLAMENTOS | B37: 1 | C37: reglamentos | D37: =B37*E37 -> 13760 | E37: 13760 | G37: 1645.68 | H37: =E37-G37+F37 -> 12114.32 | I37: =H37/30 -> 403.81067
A38: SUPERVISOR VIA PUBLICA | B38: 1 | C38: reglamentos | D38: =B38*E38 -> 6336.27 | E38: 6336.27 | G38: 184.84 | H38: =E38-G38+F38 -> 6151.43 | I38: =H38/30 -> 205.04767
A39: SUPERVISOR MERCADOS | B39: 1 | C39: reglamentos | D39: =B39*E39 -> 5516.55 | E39: 5516.55 | G39: 190 | H39: =E39-G39+F39 -> 5326.55 | I39: =H39/30 -> 177.55167
A40: AUXILIAR ADMINISTRATIVO | B40: 3 | C40: reglamentos | D40: =B40*E40 -> 15374.221 | E40: 5124.7404 | G40: 60 | H40: =E40-G40+F40 -> 5064.7404 | I40: =H40/30 -> 168.82468
A41: AUXILIAR ADMINISTRATIVO | C41: reglamentos | D41: =B41*E41 -> 0 | E41: 5124.7404 | G41: 60 | H41: =E41-G41+F41 -> 5064.7404 | I41: =H41/30 -> 168.82468
A42: AUXILIAR ADMINISTRATIVO | C42: reglamentos | D42: =B42*E42 -> 0 | E42: 5124.7404 | G42: 60 | H42: =E42-G42+F42 -> 5064.7404 | I42: =H42/30 -> 168.82468
A43: SUPERVISOR EXP. VINOS Y LICORES | B43: 1 | C43: reglamentos | D43: =B43*E43 -> 6568.11 | E43: ='[2]TABULADOR 2019'!$J$68 -> 6568.11 | G43: ='[2]TABULADOR 2019'!$K$68 -> 52.82 | H43: =E43-G43+F43 -> 6515.29 | I43: =H43/30 -> 217.17633
A44: AUXILIAR CONTABLE | B44: 1 | C44: contabilidad | D44: =B44*E44 -> 6336.27 | E44: 6336.27 | G44: 103.56 | H44: =E44-G44 -> 6232.71 | I44: =H44/30 -> 207.757
A45: AUXILIAR CONTABLE | B45: 1 | C45: contabilidad | D45: =B45*E45 -> 7650 | E45: 7650 | G45: 342 | H45: 7308 | I45: =H45/30 -> 243.6
A46: CONTADOR MUNICIPAL | B46: 1 | C46: contabilidad | D46: =B46*E46 -> 15386 | E46: 15386 | G46: ='[2]TABULADOR 2019'!$K$26 -> 2107.81 | H46: =E46-G46+F46 -> 13278.19 | I46: =H46/30 -> 442.60633
A47: RESPONSABLE DEL PANTEON | B47: 1 | C47: panteon | D47: =B47*E47 -> 6373.9303 | E47: 6373.9303 | G47: 223.08756 | H47: =E47-G47+F47 -> 6150.8427 | I47: =H47/30 -> 205.02809
A48: JARDINERO DE PANTEON | B48: 5 | C48: panteon | D48: =B48*E48 -> 22211.1 | E48: 4442.22 | F48: 150 | H48: =E48-G48+F48 -> 4592.22 | I48: =H48/30 -> 153.074
A49: VETERINARIO | B49: 1 | C49: tesoreria | D49: =B49*E49 -> 5521.835 | E49: 5521.835 | F49: 35 | H49: =E49-G49+F49 -> 5556.835 | I49: =H49/30 -> 185.22783
A50: RESPONSABLE DEL RASTRO | B50: 1 | C50: tesoreria | D50: =B50*E50 -> 5592.9077 | E50: 5592.9077 | F50: 22 | H50: =E50-G50+F50 -> 5614.9077 | I50: =H50/30 -> 187.16359
A51: AUXILIAR | B51: 2 | C51: tesoreria | D51: =B51*E51 -> 8893.7983 | E51: 4446.8992 | F51: 133.69 | H51: =E51-G51+F51 -> 4580.5891 | I51: =H51/30 -> 152.68631
A52: AUXILIAR | B52: 1 | C52: tesoreria | D52: =B52*E52 -> 4446.8992 | E52: 4446.8992 | F52: 133.69 | H52: =E52-G52+F52 -> 4580.5891 | I52: =H52/30 -> 152.68631
A53: AUXILIAR ADMINISTRATIVO | B53: 1 | C53: catastro | D53: =B53*E53 -> 5920.2 | E53: 5920.2 | G53: 103.56 | H53: 5816.64 | I53: =H53/30 -> 193.888
D54: =SUM(D35:D53) -> 166390.58
A56: DIRECTORES DE AREAS
A57: CARGO | B57: PUESTOS | C57: AREA DE ADSCRIPCION | D57: PUESTO (SUELDO BRUTO MENSUAL)= | E57: SUELDO BRUTO MENSUAL | F57: SUB EMPLEO | G57: RET. ISR | H57: SUELDO NETO MENSUAL | I57: SUELDO DIARIO
A58: DIRECCION DE GESTORIA | B58: 1 | C58: Presidencia | D58: =SUM(B58*E58) -> 16000 | E58: 16000 | F58: 0 | G58: 2124.14 | H58: =E58-G58 -> 13875.86 | I58: =H58/30 -> 462.52867
A59: DIRECCION DE VINCULACION | B59: 1 | C59: Presidencia | D59: =SUM(B59*E59) -> 16000 | E59: 16000 | G59: 2124.14 | H59: =E59-G59+F59 -> 13875.86 | I59: =H59/30 -> 462.52867
A60: DIRECTOR DE ECOLOGIA | B60: 1 | C60: DIR. Y JFTA MUNICIPALES | D60: =SUM(B60*E60) -> 16000 | E60: 16000 | G60: 2243.76 | H60: =E60-G60+F60 -> 13756.24 | I60: =H60/30 -> 458.54133
A61: DIRECTOR DE DESARROLLO RURAL | B61: 1 | C61: DIR. Y JFTA MUNICIPALES | D61: =SUM(B61*E61) -> 16000 | E61: 16000 | G61: 2243.76 | H61: =E61-G61+F61 -> 13756.24 | I61: =H61/30 -> 458.54133
A62: DIRECTOR DE PROGAM. Y PPTO. | B62: 1 | C62: DIR. Y JFTA MUNICIPALES | D62: =SUM(B62*E62) -> 16000 | E62: 16000 | G62: 2243.76 | H62: =E62-G62+F62 -> 13756.24 | I62: =H62/30 -> 458.54133
A63: DIRECCION DE SALUD Y MEDIO AMBIENTE | B63: 1 | C63: DIR. Y JFTA MUNICIPALES | D63: =SUM(B63*E63) -> 16000 | E63: 16000 | G63: 2243.76 | H63: =E63-G63+F63 -> 13756.24 | I63: =H63/30 -> 458.54133
A64: DIRECTORA DE FOMENTO ECONOMICO MUNICIPAL | B64: 1 | C64: DIR. Y JFTA MUNICIPALES | D64: =SUM(B64*E64) -> 16000 | E64: 16000 | G64: 2243.76 | H64: =E64-G64+F64 -> 13756.24 | I64: =H64/30 -> 458.54133
A65: DIRECTORA DE INSTANCIA DE LA MUJER | B65: 1 | C65: DIR. Y JFTA MUNICIPALES | D65: =SUM(B65*E65) -> 16000 | E65: 16000 | G65: 2243.76 | H65: =E65-G65+F65 -> 13756.24 | I65: =H65/30 -> 458.54133
A66: DIRECTOR JUVENTUD Y DEPORTE | B66: 1 | C66: DIR. Y JFTA MUNICIPALES | D66: =SUM(B66*E66) -> 16000 | E66: 16000 | G66: ='[2]TABULADOR 2019'!$K$31 -> 2243.76 | H66: =E66-G66+F66 -> 13756.24 | I66: =H66/30 -> 458.54133
A67: DIRECCION DE COMUNICACIÓN SOCIAL | B67: 1 | C67: DIR. Y JFTA MUNICIPALES | D67: =SUM(B67*E67) -> 16000 | E67: 16000 | G67: 2243.76 | H67: =E67-G67+F67 -> 13756.24 | I67: =H67/30 -> 458.54133
A68: DIRECTOR DE DESARROLLO SOCIAL | B68: 1 | C68: DIR. Y JFTA MUNICIPALES | D68: =SUM(B68*E68) -> 16000 | E68: 16000 | G68: 2243.76 | H68: =E68-G68+F68 -> 13756.24 | I68: =H68/30 -> 458.54133
A69: DIRECTOR CASA DE CULTURA | B69: 1 | C69: DIR. Y JFTA MUNICIPALES | D69: =SUM(B69*E69) -> 16000 | E69: 16000 | G69: 2124.14 | H69: =E69-G69+F69 -> 13875.86 | I69: =H69/30 -> 462.52867
A70: DIRECTOR DE OBRAS PUB. | B70: 1 | C70: obras publicas | D70: =SUM(B70*E70) -> 16000 | E70: 16000 | G70: 2124.14 | H70: =E70-G70+F70 -> 13875.86 | I70: =H70/30 -> 462.52867
A71: OFICIAL MAYOR | B71: 1 | C71: Oficialia M. | D71: =SUM(B71*E71) -> 15925.545 | E71: ='[2]TABULADOR 2019'!$J$23 -> 15925.545 | G71: ='[2]TABULADOR 2019'!$K$23 -> 2107.81 | H71: =E71-G71+F71 -> 13817.735 | I71: =H71/30 -> 460.59117
A72: DIRECTORA DEL DIF | B72: 1 | C72: DIF MPAL | D72: =SUM(B72*E72) -> 16000 | E72: 16000 | G72: 2124.14 | H72: =E72-G72+F72 -> 13875.86 | I72: =H72/30 -> 462.52867
A73: DIRECTOR DE SEGURIDAD PUBLICA | B73: 1 | C73: Seguridad P. | D73: =SUM(B73*E73) -> 20857.32 | E73: 20857.32 | G73: 3162.66 | H73: =E73-G73+F73 -> 17694.66 | I73: =H73/30 -> 589.822
D74: =SUM(D58:D73) -> 260782.87
A75: JEFATURAS DE AREAS
A76: CARGO | B76: PUESTOS | C76: AREA DE ADSCRIPCION | D76: PUESTO (SUELDO BRUTO MENSUAL)= | E76: SUELDO BRUTO MENSUAL | F76: SUB EMPLEO | G76: RET. ISR | H76: SUELDO NETO MENSUAL | I76: SUELDO DIARIO
A77: SUBDIRECTOR SEGURIDAD PUBLICA | B77: 1 | C77: Seguridad P. | D77: =B77*E77 -> 15235.2 | E77: 15235.2 | G77: 1960 | H77: =E77-G77+F77 -> 13275.2 | I77: =H77/30 -> 442.50667
A78: SUBDIRECTOR DE TRANSTIO MUNICIPAL | B78: 1 | C78: Seguridad P. | D78: =B78*E78 -> 15235.407 | E78: 15235.407 | G78: 1960.82 | H78: =E78-G78 -> 13274.587 | I78: =H78/30 -> 442.48623
A79: JEFATURA DE VIVIENDA | B79: 1 | C79: DIR. Y JFTA MUNICIPALES | D79: =B79*E79 -> 13760 | E79: 13760 | G79: 1645.68 | H79: =E79-G79+F79 -> 12114.32 | I79: =H79/30 -> 403.81067
A80: JEFATURA DE CATASTRO | B80: 1 | C80: catastro | D80: =B80*E80 -> 13760 | E80: 13760 | G80: 1645.68 | H80: =E80-G80+F80 -> 12114.32 | I80: =H80/30 -> 403.81067
A81: JEFATURA DEL MIGRANTE | B81: 1 | C81: DIR. Y JFTA MUNICIPALES | D81: =B81*E81 -> 13760 | E81: 13760 | G81: 1645.68 | H81: =E81-G81+F81 -> 12114.32 | I81: =H81/30 -> 403.81067
A82: JEFATURA DE EDUCACION | B82: 1 | C82: DIR. Y JFTA MUNICIPALES | D82: =B82*E82 -> 13760 | E82: 13760 | G82: 1645.68 | H82: =E82-G82+F82 -> 12114.32 | I82: =H82/30 -> 403.81067
A83: ENCARGATURA DE JUVENTUD Y DEPORTE | B83: 1 | C83: DIR. Y JFTA MUNICIPALES | D83: =B83*E83 -> 13760 | E83: 13760 | G83: 1645.68 | H83: =E83-G83+F83 -> 12114.32 | I83: =H83/30 -> 403.81067
A84: SUBDIRECTOR DE OBRAS | B84: 1 | C84: obras publicas | D84: =B84*E84 -> 14241.6 | E84: 14241.6 | G84: 1748.56 | H84: =E84-G84+F84 -> 12493.04 | I84: =H84/30 -> 416.43467
A85: JEFE DE SERVICIOS MUNICIPALES | B85: 1 | C85: Oficialia M. | D85: =B85*E85 -> 14241.6 | E85: ='[2]TABULADOR 2019'!$J$56 -> 14241.6 | G85: ='[2]TABULADOR 2019'!$K$56 -> 1748.55 | H85: =E85-G85+F85 -> 12493.05 | I85: =H85/30 -> 416.435
A86: JEFE DE RECURSOS HUMNANOS | B86: 1 | C86: Oficialia M. | D86: =B86*E86 -> 14241.6 | E86: ='[2]TABULADOR 2019'!$J$56 -> 14241.6 | G86: ='[2]TABULADOR 2019'!$K$56 -> 1748.55 | H86: =E86-G86+F86 -> 12493.05 | I86: =H86/30 -> 416.435
A87: JEFATURA DE EDUCACION ESPECIAL | B87: 1 | C87: casa/cultura | D87: =B87*E87 -> 12500 | E87: 12500 | F87: 0 | G87: 1376.74 | H87: =E87-G87+F87 -> 11123.26 | I87: =H87/30 -> 370.77533
D88: =SUM(D77:D87) -> 154495.41
A90: ENCARGADOS DE AREAS
A91: CARGO | B91: PUESTOS | C91: AREA DE ADSCRIPCION | D91: PUESTO (SUELDO BRUTO MENSUAL)= | E91: SUELDO BRUTO MENSUAL | F91: SUB EMPLEO | G91: RET. ISR | H91: SUELDO NETO MENSUAL | I91: SUELDO DIARIO
A92: ENCARGADO DE RECOLECTORES | B92: 1 | C92: Oficialia M. | D92: =B92*E92 -> 11902.5 | E92: 11902.5 | G92: ='[2]TABULADOR 2019'!$K$72 -> 1252.6 | H92: =E92-G92+F92 -> 10649.9 | I92: =H92/30 -> 354.99667
A93: ENCARGATURA DE PROTOCOLO | B93: 1 | C93: DIR. Y JFTA MUNICIPALES | D93: =B93*E93 -> 11902.5 | E93: 11902.5 | G93: 1252.6 | H93: =E93-G93+F93 -> 10649.9 | I93: =H93/30 -> 354.99667
A94: ENCARGADA DE PRENSA | B94: 1 | C94: com. Social | D94: =B94*E94 -> 11902.5 | E94: 11902.5 | G94: 1252.6 | H94: =E94-G94+F94 -> 10649.9 | I94: =H94/30 -> 354.99667
A95: ENCARGATURA DE CASA DE CULTURA | B95: 1 | C95: casa/cultura | D95: =B95*E95 -> 11902.5 | E95: 11902.5 | G95: 1252.6 | H95: =E95-G95+F95 -> 10649.9 | I95: =H95/30 -> 354.99667
A96: ENCARGADO DE PARQUES Y JARDINES | B96: 1 | C96: obras publicas | D96: =B96*E96 -> 11902.5 | E96: 11902.5 | G96: 1252.6 | H96: =E96-G96+F96 -> 10649.9 | I96: =H96/30 -> 354.99667
A97: ENCARGADOS DE UNIDAD DEPORTIVA | B97: 1 | C97: DIR. Y JFTA MUNICIPALES | D97: =B97*E97 -> 8170 | E97: 8170 | G97: 425.38 | H97: =E97-G97+F97 -> 7744.62 | I97: =H97/30 -> 258.154
A98: ENCARGADOS DE UNIDAD DEPORTIVA | B98: 1 | C98: DIR. Y JFTA MUNICIPALES | D98: =B98*E98 -> 8170 | E98: 8170 | G98: 425.38 | H98: =E98-G98+F98 -> 7744.62 | I98: =H98/30 -> 258.154
A99: ENC. DE COMPUTO | B99: 1 | C99: Oficialia M. | D99: =B99*E99 -> 7400 | E99: 7400 | G99: 125.5 | H99: =E99-G99+F99 -> 7274.5 | I99: =H99/30 -> 242.48333
A100: ENCARGADO DE A.P. | B100: 1 | C100: Oficialia M. | D100: =B100*E100 -> 11902.5 | E100: 11902.5 | G100: ='[2]TABULADOR 2019'!$K$72 -> 1252.6 | H100: =E100-G100+F100 -> 10649.9 | I100: =H100/30 -> 354.99667
D101: =SUM(D92:D100) -> 95155
A102: ADMINISTRATIVOS
A103: CARGO | B103: PUESTOS | C103: AREA DE ADSCRIPCION | D103: PUESTO (SUELDO BRUTO MENSUAL)= | E103: SUELDO BRUTO MENSUAL | F103: SUB EMPLEO | G103: RET. ISR | H103: SUELDO NETO MENSUAL | I103: SUELDO DIARIO
A104: AUXILIAR ADMINISTRATIVO | B104: 29 | C104: DIR. Y JFTA MUNICIPALES | D104: =B104*E104 -> 171685.8 | E104: 5920.2 | G104: 103.56 | H104: 5816.64 | I104: =H104/30 -> 193.888
A105: AUXILIAR ADMINISTRATIVO | B105: 1 | C105: DIR. Y JFTA MUNICIPALES | D105: =B105*E105 -> 7450 | E105: 7450 | G105: 85 | H105: =E105-G105+F105 -> 7365 | I105: =H105/30 -> 245.5
D106: =SUM(D104:D105) -> 179135.8
...

Sheet Hoja2
B4: NOMBRE | C4: AREA DE ADSCRIPCION | D4: FECHA DE INGRESO | E4: SUELDO BRUTO MENSUAL | F4: SUB EMPLEO | G4: RET. ISR | H4: SUELDO NETO MENSUAL | I4: SUELDO DIARIO | J4: DIAS LABORADOS | K4: NETO | L4: FIRMA
B5: FATIMA RICO ALVARADO | C5: DIF MPAL | D5: 43354 | E5: 6323 | G5: 32 | H5: 6291 | I5: 206.94079 | J5: 15 | K5: 3100.0718 | L5: 500
B6: ELISA OLIVIA BARRERA CASTILLO | C6: DIF MPAL | D6: 43356 | E6: 6325.54 | G6: 84.663 | H6: 6240.877 | I6: 205.29201 | J6: 15 | K6: 3070.0001 | L6: 200
B7: NORMA RAMOS MAGDALENO | C7: DIF MPAL | D7: 43347 | E7: 5920.2 | G7: 84.663 | H7: 5835.537 | I7: 191.95845 | J7: 15 | K7: 2869.9968 | L7: 200
B8: LILIANA GUADALUPE VEGA GODINEZ | C8: DIF MPAL | D8: 43344 | E8: 6325.54 | G8: 84.663 | H8: 6240.877 | I8: 205.29201 | J8: 15 | K8: 3070.0001 | L8: 200
B9: MARTHA CECILIA RUIZ SEGURA | C9: DIF MPAL | D9: 43344 | E9: 10143 | G9: 937.31 | H9: 9205.69 | I9: 302.81875 | J9: 15 | K9: 4542.2812 | L9: 1362.28
B10: ROCIO IVONNE DELGADO ALCALA | C10: DIF MPAL | D10: 43364 | E10: 5977 | G10: 55.1 | H10: 5921.9 | I10: 194.79934 | J10: 15 | K10: 2911.0101 | L10: 200
B11: MARICRUZ BARAJAS TOVAR | C11: DIF MPAL | D11: 43348 | E11: 5920.2 | F11: 84.663 | H11: 5835.537 | I11: 194.5179 | J11: 15 | K11: 2911.0101 | L11: 200
B12: JUAN PABLO NAVARRO LUJANO | C12: DIF MPAL | D12: 43391 | E12: 5920.2 | F12: 84.663 | H12: 5835.537 | I12: 194.5179 | J12: 15 | K12: 2911.0101 | L12: 200

Sheet BUENA ADMINISTRATIVOS
A2: GILBERTO ALVARADO MENDEZ | B2: ='TABULADOR DE SUELDOS 2020'!#REF! -> #REF! | C2: 14730.251 | D2: 1454638409 | E2: =B2-C2 -> #REF!
A3: VICTOR DANIEL RAMIREZ ANGULO | B3: ='TABULADOR DE SUELDOS 2020'!#REF! -> #REF! | C3: 2858.0426 | D3: 2647972865 | E3: =B3-C3 -> #REF!
A4: JONATAN GERARDO ARRIAGA PAZ | B4: ='TABULADOR DE SUELDOS 2020'!#REF! -> #REF! | C4: 2149.9978 | D4: 1504946165 | E4: =B4-C4 -> #REF!
A5: MOISES JIMENEZ BRISEÑO | B5: ='TABULADOR DE SUELDOS 2020'!#REF! -> #REF! | C5: 3499.9961 | D5: 2947899386 | E5: =B5-C5 -> #REF!
A6: MARIA VERONICA ROJO GARCIA | B6: ='TABULADOR DE SUELDOS 2020'!#REF! -> #REF! | C6: 2850.0026 | D6: 2647976755 | E6: =B6-C6 -> #REF!
A7: ARCELIA MORELOS MENA | B7: ='TABULADOR DE SUELDOS 2020'!#REF! -> #REF! | C7: 6448.2375 | D7: 1504952670 | E7: =B7-C7 -> #REF!
A8: SERGIO AUGUSTO GARCIA MOJICA | B8: ='TABULADOR DE SUELDOS 2020'!#REF! -> #REF! | C8: 4049.9956 | D8: 1504973685 | E8: =B8-C8 -> #REF!
A9: BARUCH TATIAN NUÑEZ MORA | B9: ='TABULADOR DE SUELDOS 2020'!#REF! -> #REF! | C9: 3540.0014 | D9: 1504984296 | E9: =B9-C9 -> #REF!
A10: ERNESTO BARCENAS SOTO | B10: ='TABULADOR DE SUELDOS 2020'!#REF! -> #REF! | C10: 9421.905 | D10: 2796778070 | E10: =B10-C10 -> #REF!
A11: JOSEFINA GUTIERREZ SANCHEZ | B11: ='TABULADOR DE SUELDOS 2020'!#REF! -> #REF! | C11: 10101.562 | D11: 1504974690 | E11: =B11-C11 -> #REF!
A12: EVA ROSARIO HERNANDEZ RAMIREZ | B12: ='TABULADOR DE SUELDOS 2020'!#REF! -> #REF! | C12: 6448.2375 | D12: 1478297924 | E12: =B12-C12 -> #REF!
A13: LUIS GUERRERO VALDIVIA | B13: ='TABULADOR DE SUELDOS 2020'!#REF! -> #REF! | C13: 7111.8235 | D13: 1505104648 | E13: =B13-C13 -> #REF!
... A25: SALVADOR SOLORIO MUJICA | B25: ='TABULADOR DE SUELDOS 2020'!#REF! -> #REF! | C25: 2250 | D25: 2936869904 | E25: =B25-C25 -> #REF!
A26: ROBERTO ANTONIO SANCHEZ CERVANTES | B26: 3500 | C26: 3500 | D26: 2908151660 | E26: =B26-C26 -> 0
A27: ALFREDO RUIZ RODRIGUEZ | B27: ='TABULADOR DE SUELDOS 2020'!#REF! -> #REF! | C27: 2349.995 | D27: 2937011970 | E27: =B27-C27 -> #REF!
A28: JORGE ELIAS ELIZARRARAS ALCALA | B28: ='TABULADOR DE SUELDOS 2020'!#REF! -> #REF! | C28: 2349.995 | D28: 2648280738 | E28: =B28-C28 -> #REF!
A29: RAUL ALEJANDRO VELAZQUEZ | B29: ='TABULADOR DE SUELDOS 2020'!#REF! -> #REF! | C29: 2948.959 | D29: 1519207044 | E29: 0
A30: RAFAEL LOPEZ CORTEZ | B30: ='TABULADOR DE SUELDOS 2020'!#REF! -> #REF! | C30: 2349.995 | D30: 2942957035 | E30: =B30-C30 -> #REF!
A31: PEDRO OCEGUERA HERNANDEZ | B31: ='TABULADOR DE SUELDOS 2020'!#REF! -> #REF! | C31: 3150.0025 | D31: 2647969864 | E31: =B31-C31 -> #REF!
A32: RAMON HERNANDEZ GARCIA | B32: ='TABULADOR DE SUELDOS 2020'!#REF! -> #REF! | C32: 2349.995 | D32: 1176797520 | E32: =B32-C32 -> #REF!
A33: VANESSA AGUILERA AREVALO | B33: ='TABULADOR DE SUELDOS 2020'!#REF! -> #REF! | C33: 2349.995 | D33: 2647973349 | E33: =B33-C33 -> #REF!
A34: MONICO MUÑOZ VEGA | B34: ='TABULADOR DE SUELDOS 2020'!#REF! -> #REF! | C34: 2349.995 | D34: 2968907544 | E34: =B34-C34 -> #REF!
A35: MIGUEL ALBERTO RUIZ SEGURA | B35: ='TABULADOR DE SUELDOS 2020'!#REF! -> #REF! | C35: 5985.9613 | D35: 2945965756 | E35: =B35-C35 -> #REF!
A36: LUIS MANUEL CUEVAS VARGAS | B36: ='TABULADOR DE SUELDOS 2020'!#REF! -> #REF! | C36: 5856.1125 | D36: 2647970587 | E36: =B36-C36 -> #REF!
A37: JOSE ANTONIO JAIME GOMEZ | B37: ='TABULADOR DE SUELDOS 2020'!#REF! -> #REF! | C37: 2349.995 | D37: 1166703186 | E37: =B37-C37 -> #REF!
A38: HECTOR ARMANDO PEREZ HERNANDEZ | B38: 3500 | C38: 3500 | D38: 1519207044 | E38: =B38-C38 -> 0
A39: RICARDO SALCEDO VILLALOBOS | B39: ='TABULADOR DE SUELDOS 2020'!#REF! -> #REF! | C39: 3366.5923 | D39: 1157806108 | E39: =B39-C39 -> #REF!
A40: JAVIER ALEJANDRO GODINEZ GOMEZ | B40: ='TABULADOR DE SUELDOS 2020'!#REF! -> #REF! | C40: 3239.9976 | D40: 2648280258 | E40: =B40-C40 -> #REF!
A41: JOSE ALBERTO AYALA RAMIREZ | B41: ='TABULADOR DE SUELDOS 2020'!#REF! -> #REF! | C41: 3060.0035 | D41: 2647966202 | E41: =B41-C41 -> #REF!
A42: ANGELINA TEJEDA NAVARRO | B42: ='TABULADOR DE SUELDOS 2020'!#REF! -> #REF! | C42: 651.71 | D42: 2648272212 | E42: =B42-C42 -> #REF!
A43: ANGELICA MUNGUIA VENTURA | B43: ='TABULADOR DE SUELDOS 2020'!#REF! -> #REF! | C43: 2850.0526 | D43: 2647978235 | E43: =B43-C43 -> #REF!
A44: MARIA TERESA GODINEZ TOVAR | B44: ='TABULADOR DE SUELDOS 2020'!#REF! -> #REF! | C44: 4099.999 | D44: 2647972784 | E44: =B44-C44 -> #REF!
A45: JUAN ROBERTO ROJAS HERNANDEZ | B45: ='TABULADOR DE SUELDOS 2020'!#REF! -> #REF! | C45: 3793.34 | D45: 2689261095 | E45: =B45-C45 -> #REF!
A46: VANESA GARCIA MARTINEZ | B46: ='TABULADOR DE SUELDOS 2020'!#REF! -> #REF! | C46: 2850.0026 | D46: 2647977123 | E46: =B46-C46 -> #REF!
A47: JESUS MAGDALENO PALMA | B47: ='TABULADOR DE SUELDOS 2020'!#REF! -> #REF! | C47: 2769.9966 | D47: 2933643069 | E47: =B47-C47 -> #REF!
A48: MA. SOCORRO GONZALEZ MUNGUIA | B48: ='TABULADOR DE SUELDOS 2020'!#REF! -> #REF! | C48: 2449.9989 | D48: 2647972970 | E48: =B48-C48 -> #REF!
A49: ROLANDO VALDEZ SILVA | B49: ='TABULADOR DE SUELDOS 2020'!#REF! -> #REF! | C49: 3149.9974 | D49: 2647972997 | E49: =B49-C49 -> #REF!
A50: J. JESUS ESQUIVEL MAGAÑA | B50: ='TABULADOR DE SUELDOS 2020'!#REF! -> #REF! | C50: 2769.9966 | D50: 2970627364 | E50: =B50-C50 -> #REF!
... A134: ALVARO GOMEZ RICO | B134: ='TABULADOR DE SUELDOS 2020'!#REF! -> #REF! | C134: 4992.1406 | D134: 1518100520 | E134: =B134-C134 -> #REF!
A135: ROCIO IVONNE DELGADO ALCALA | B135: ='TABULADOR DE SUELDOS 2020'!#REF! -> #REF! | C135: 2912.6101 | D135: 1519675399 | E135: 0
A136: ULISES EMANUEL GARIBAY CUEVAS | B136: ='TABULADOR DE SUELDOS 2020'!#REF! -> #REF! | C136: 3152.6425 | D136: 2689262989 | E136: =B136-C136 -> #REF!
A137: JESUS JAVIER GARCIA COMPARAN | B137: ='TABULADOR DE SUELDOS 2020'!#REF! -> #REF! | C137: 2849.995 | D137: 1522915840 | E137: =B137-C137 -> #REF!
A138: ROSA ESTHER HERNANDEZ DELGADO | B138: ='TABULADOR DE SUELDOS 2020'!#REF! -> #REF! | C138: 4099.999 | D138: 2877594607 | E138: =B138-C138 -> #REF!
A139: JUANA SOLANO GARCIA | B139: ='TABULADOR DE SUELDOS 2020'!#REF! -> #REF! | C139: 1792.72 | D139: 1523370758 | E139: =B139-C139 -> #REF!
A140: FERNANDO ARCIGA CISNEROS | B140: ='TABULADOR DE SUELDOS 2020'!#REF! -> #REF! | C140: 2250 | D140: 1525774139 | E140: =B140-C140 -> #REF!
A141: ANA GABRIELA LUA VILLAMAR | B141: ='TABULADOR DE SUELDOS 2020'!#REF! -> #REF! | C141: 2782.3026 | D141: 1536058186 | E141: =B141-C141 -> #REF!
A142: ROBERTO RODRIGUEZ MARRON | B142: ='TABULADOR DE SUELDOS 2020'!#REF! -> #REF! | C142: 2460.004 | D142: 1538956360 | E142: =B142-C142 -> #REF!
A143: ISMAEL MENDEZ CONTRERAS | B143: ='TABULADOR DE SUELDOS 2020'!#REF! -> #REF! | C143: 3800.2596 | D143: 1538961682 | E143: =B143-C143 -> #REF!
A144: JOSE LUIS RODIRGUEZ PEREZ | B144: ='TABULADOR DE SUELDOS 2020'!#REF! -> #REF! | C144: 2772.505 | D144: 1545643956 | E144: =B144-C144 -> #REF!
A145: RICARDO DIAZ DE SANDY | B145: ='TABULADOR DE SUELDOS 2020'!#REF! -> #REF! | C145: 2349.995 | D145: 2937315821 | E145: =B145-C145 -> #REF!
A146: VIANNEY SEGURA NUÑEZ | B146: ='TABULADOR DE SUELDOS 2020'!#REF! -> #REF! | C146: 2349.995 | D146: 1541855037 | E146: =B146-C146 -> #REF!
A147: HUGO MARTIN HERRERA MURILLO | B147: ='TABULADOR DE SUELDOS 2020'!#REF! -> #REF! | C147: 3150.0025 | D147: 1532749095 | E147: =B147-C147 -> #REF!
... A163: ENRIQUE GARCIA LOPEZ | B163: ='TABULADOR DE SUELDOS 2020'!#REF! -> #REF! | C163: 5324.95 | D163: 1505095100 | E163: =B163-C163 -> #REF!
A164: JUAN CARRILLO RAMIREZ | B164: 2350 | C164: 2350 | D164: 1519207044 | E164: =B164-C164 -> 0
A165: LORENZO ANTONIO GOMAR SERRATO | B165: ='TABULADOR DE SUELDOS 2020'!#REF! -> #REF! | C165: 2951.7651 | D165: 1504939835 | E165: =B165-C165 -> #REF!
A166: ZAIRA GUADALUPE MENDEZ LOPEZ | B166: ='TABULADOR DE SUELDOS 2020'!#REF! -> #REF! | C166: 2849.9991 | D166: 1545632188 | E166: =B166-C166 -> #REF!
A167: SALVADOR CASILLAS SANCHEZ | B167: ='TABULADOR DE SUELDOS 2020'!#REF! -> #REF! | C167: 2460.004 | D167: 1517452881 | E167: =B167-C167 -> #REF!
A168: LORENA FERNANDA VALDEZ ZAVALA | B168: ='TABULADOR DE SUELDOS 2020'!#REF! -> #REF! | C168: 2761.9566 | D168: 1510738037 | E168: =B168-C168 -> #REF!
A169: MARIA CONCEPCION LANDEROS GARCIA | B169: ='TABULADOR DE SUELDOS 2020'!#REF! -> #REF! | C169: 1735.45 | D169: 1515138259 | E169: =B169-C169 -> #REF!
A170: JUAN FERNANDO HIDALGO MACIAS | B170: ='TABULADOR DE SUELDOS 2020'!#REF! -> #REF! | C170: 2349.995 | D170: 1513074628 | E170: =B170-C170 -> #REF!
A171: JAVIER GARCIA PEÑA | B171: ='TABULADOR DE SUELDOS 2020'!#REF! -> #REF! | C171: 2349.995 | D171: 1514954389 | E171: =B171-C171 -> #REF!
A172: SALVADOR GOMAR AYALA | B172: ='TABULADOR DE SUELDOS 2020'!#REF! -> #REF! | C172: 2150 | D172: 1511553073 | E172: =B172-C172 -> #REF!
A173: ANA MARIA ROCHA ACEVEZ | B173: ='TABULADOR DE SUELDOS 2020'!#REF! -> #REF! | C173: 2150.0001 | D173: 1512498424 | E173: =B173-C173 -> #REF!
A174: EDUARDO CISNEROS ACEVES | B174: ='TABULADOR DE SUELDOS 2020'!#REF! -> #REF! | C174: 2583.035 | D174: 1519207044 | E174: =B174-C174 -> #REF!
A175: CRISTIAN IVAN GOMEZ MACIAS | B175: ='TABULADOR DE SUELDOS 2020'!#REF! -> #REF! | C175: 2460.004 | D175: 1557634560 | E175: =B175-C175 -> #REF!
A176: JOSE ANTONIO LOPEZ MENDEZ | B176: ='TABULADOR DE SUELDOS 2020'!#REF! -> #REF! | C176: 2583.035 | D176: 1506085507 | E176: =B176-C176 -> #REF!
... A186: FERNANDO CISNEROS MURILLO | B186: ='TABULADOR DE SUELDOS 2020'!#REF! -> #REF! | C186: 2250.4775 | D186: 1542544881 | E186: =B186-C186 -> #REF!
A187: JUAN ROJAS CHAVEZ | B187: 4470.2 | C187: 4470.2 | D187: 1502355205 | E187: =B187-C187 -> 0
A188: SILVIA FAVIOLA MARTINEZ MENDEZ | B188: ='TABULADOR DE SUELDOS 2020'!#REF! -> #REF! | C188: 2275.9921 | D188: 1571691279 | E188: =B188-C188 -> #REF!
A189: ARMANDO ORTIZ RODRIGUEZ | B189: ='TABULADOR DE SUELDOS 2020'!#REF! -> #REF! | C189: 2349.995 | D189: 2648270260 | E189: =B189-C189 -> #REF!
A190: NANCY ESMERALDA PIMENTEL GARCIA | B190: ='TABULADOR DE SUELDOS 2020'!#REF! -> #REF! | C190: 2480 | D190: 1506122518 | E190: =B190-C190 -> #REF!
A191: ROBERTO ROMERO CISNEROS | B191: ='TABULADOR DE SUELDOS 2020'!#REF! -> #REF! | C191: 2250 | D191: 2647979096 | E191: =B191-C191 -> #REF!
A192: MARIO ADRIAN VAZQUEZ MADRIGAL | B192: 4920 | C192: 4920 | D192: 2908151660 | E192: =B192-C192 -> 0
A193: J. JESUS PIMENTEL RAMIREZ | B193: ='TABULADOR DE SUELDOS 2020'!#REF! -> #REF! | C193: 2250 | D193: 1506624963 | E193: =B193-C193 -> #REF!
A194: JOSE LUIS BECERRA ALCOCER | B194: ='TABULADOR DE SUELDOS 2020'!#REF! -> #REF! | C194: 2850.0026 | D194: 1550461008 | E194: =B194-C194 -> #REF!
A195: ANTONIO LOPEZ JACOBO | B195: ='TABULADOR DE SUELDOS 2020'!#REF! -> #REF! | C195: 2400.0013 | D195: 1511884934 | E195: =B195-C195 -> #REF!
A196: ISRAEL PEREZ TINOCO | B196: 3875 | C196: 3875 | D196: 1552919004 | E196: =B196-C196 -> 0
A197: GRACIELA MANDUJANO MULGADO | B197: ='TABULADOR DE SUELDOS 2020'!#REF! -> #REF! | C197: 1799.9972 | D197: 1505169855 | E197: =B197-C197 -> #REF!
A198: SOFIA VARGAS ACOSTA | B198: ='TABULADOR DE SUELDOS 2020'!#REF! -> #REF! | C198: 6448.2375 | D198: 1456492967 | E198: =B198-C198 -> #REF!
A199: HILDA GUADALUPE GONZALEZ RUIZ | B199: ='TABULADOR DE SUELDOS 2020'!#REF! -> #REF! | C199: =F199 -> #REF! | D199: 1512739422 | E199: =B199-C199 -> #REF! | F199: =B199-'EFECTIVO ADMON'!F3 -> #REF!
A200: HUMBERTO BECERRA SANCHEZ | B200: ='TABULADOR DE SUELDOS 2020'!#REF! -> #REF! | C200: =F200 -> #REF! | D200: 2891238566 | E200: =B200-C200 -> #REF! | F200: =B200-'EFECTIVO ADMON'!F7 -> #REF!
A202: TOTAL | B202: =SUM(B2:B201) -> #REF! | C202: =SUM(C2:C201) -> #REF!

Sheet EFECTIVO ADMON
A2: NOMINA EFECTIVO | E2: PRESTAMOS FAMSA
A3: JOSE LUIS CHAVEZ CAMARENA | B3: ='TABULADOR DE SUELDOS 2020'!#REF! -> #REF! | C3: 5738.3062 | D3: =B3-C3 -> #REF! | E3: HILDA GUADALUPE GONZALEZ RUIZ | F3: 216
A4: JUAN MANUEL PEREZ CASTILLO | B4: ='TABULADOR DE SUELDOS 2020'!#REF! -> #REF! | C4: 6448.2375 | D4: =B4-C4 -> #REF! | E4: GUILLERMO GARCIA PADILLA | F4: 456
A5: SERGIO ZUNO CISNEROS | B5: ='TABULADOR DE SUELDOS 2020'!#REF! -> #REF! | C5: 2349.995 | D5: =B5-C5 -> #REF! | E5: MA. DE JESUS LOPEZ FLORES | F5: 999
A6: ROBERTO HERNANDEZ MORENO | B6: ='TABULADOR DE SUELDOS 2020'!#REF! -> #REF! | C6: 3149.5025 | D6: =B6-C6 -> #REF! | E6: RAFAEL HERNANDEZ RAMIREZ | F6: 988
A7: PATRICIA SALCEDO RODRIGUEZ | B7: ='TABULADOR DE SUELDOS 2020'!#REF! -> #REF! | C7: 651.71 | D7: =B7-C7 -> #REF! | E7: HUMBERTO BECERRA SANCHEZ | F7: 758
A8: JOSE LUIS LOPEZ OCEGUEDA | B8: ='TABULADOR DE SUELDOS 2020'!#REF! -> #REF! | C8: 2349.995 | D8: =B8-C8 -> #REF! | E8: PEDRO DE JESUS GONZALEZ | F8: 1153
A9: FERNANDO CHAVEZ GODINEZ | B9: ='TABULADOR DE SUELDOS 2020'!#REF! -> #REF! | C9: 2349.995 | D9: =B9-C9 -> #REF! | E9: JESUS MARTIN CASTILLO ARROYO | F9: 233
A10: LUCIO HERREA PREDUJO | B10: ='TABULADOR DE SUELDOS 2020'!#REF! -> #REF! | C10: 2349.995 | D10: =B10-C10 -> #REF! | E10: TOTAL | F10: =SUM(F3:F9) -> 4803
A11: CUTBERTO RAUL RIZO NAVARRO | B11: ='TABULADOR DE SUELDOS 2020'!#REF! -> #REF! | C11: 1249.9971 | D11: =B11-C11 -> #REF!
A12: MILAGROS SANDOVAL MARTINEZ | B12: ='TABULADOR DE SUELDOS 2020'!#REF! -> #REF! | C12: 2349.995
A13: TOTAL | B13: =SUM(B3:B11) -> #REF! | C13: =SUM(C3:C11) -> 26637.733
A16: TOTAL DEL CHEQUE | C16: =C13+F10 -> 31440.733

Sheet ADMINISTRACION BANAMEX
A1: BANAMEX | D1: N. CUENTA
A3: LUIS IGNACIO BECERRA SANCHEZ | B3: ='TABULADOR DE SUELDOS 2020'!#REF! -> #REF! | C3: 6817.9613 | D3: 90401043011 | E3: =B3-C3 -> #REF!
A4: ALVARO LOPEZ ZENDEJAS | B4: ='TABULADOR DE SUELDOS 2020'!#REF! -> #REF! | C4: 2250 | D4: 90401482503 | E4: =B4-C4 -> #REF!
A5: ANDREA YAZMIN MURILLO GARCIA | B5: ='TABULADOR DE SUELDOS 2020'!#REF! -> #REF! | C5: 2850.0026 | D5: 90400428335 | E5: =B5-C5 -> #REF!
A6: ARTURO ALANIS HUARACHA | B6: ='TABULADOR DE SUELDOS 2020'!#REF! -> #REF! | C6: 4324.293 | D6: 90401318622 | E6: =B6-C6 -> #REF!
A7: BENEDICTO ZENDEJAS HERRERA | B7: ='TABULADOR DE SUELDOS 2020'!#REF! -> #REF! | C7: 1820 | D7: 90401660894 | E7: =B7-C7 -> #REF!
A8: BRIAN ISAAC PIMENTEL ZARAGOZA | B8: ='TABULADOR DE SUELDOS 2020'!#REF! -> #REF! | C8: 2669.9974 | D8: 90401431259 | E8: =B8-C8 -> #REF!
A9: CRISTHIAN MARTINEZ CHAVOLLA | B9: ='TABULADOR DE SUELDOS 2020'!#REF! -> #REF! | C9: 2250 | D9: 90403258651 | E9: =B9-C9 -> #REF!
A10: DANIEL LOPEZ MENDEZ | B10: ='TABULADOR DE SUELDOS 2020'!#REF! -> #REF! | C10: 2772.505 | D10: 90402553234 | E10: =B10-C10 -> #REF!
A11: ELIA GABRIELA MADRIGAL GUTIERREZ | B11: ='TABULADOR DE SUELDOS 2020'!#REF! -> #REF! | C11: 2850.0026 | D11: 90401273556 | E11: =B11-C11 -> #REF!
A12: ELIZABETH MIRANDA CERVANTES | B12: ='TABULADOR DE SUELDOS 2020'!#REF! -> #REF! | C12: 2480 | D12: 90401480616 | E12: =B12-C12 -> #REF!
A13: FATIMA RICO ALVARADO | B13: ='TABULADOR DE SUELDOS 2020'!#REF! -> #REF! | C13: 3100.0718 | D13: 90387336493 | E13: =B13-C13 -> #REF!
A14: FRANCISCO JAVIER SALCEDO RAMIREZ | B14: ='TABULADOR DE SUELDOS 2020'!#REF! -> #REF! | C14: 3150.0025 | D14: 90402046731 | E14: =B14-C14 -> #REF!
... A34: HIGINIO CARRILLO RODRIGUEZ | B34: ='TABULADOR DE SUELDOS 2020'!#REF! -> #REF! | C34: 2349.995 | D34: 90407177915 | E34: =B34-C34 -> #REF!
A35: MARTIN LEON VENTURA | B35: ='TABULADOR DE SUELDOS 2020'!#REF! -> #REF! | C35: 1750 | D35: 90408551063 | E35: =B35-C35 -> #REF! | F35: =B35-500 -> #REF! | G35: DESCUENTO DE CAJA | H35: 500
A36: HIRLANDA GUADALUPE FLORES VEGA | B36: ='TABULADOR DE SUELDOS 2020'!#REF! -> #REF! | C36: 3988.6792 | D36: 90409343448 | E36: =B36-C36 -> #REF!
A37: MARIO ALBERTO CERVANTES GONZALEZ | B37: ='TABULADOR DE SUELDOS 2020'!#REF! -> #REF! | C37: 1244.6193 | D37: 90412510711 | E37: =B37-C37 -> #REF!
A38: MARIA DE JESUS RODRIGUEZ RODRIGUEZ | B38: ='TABULADOR DE SUELDOS 2020'!#REF! -> #REF! | C38: 2250 | D38: 90414935981 | E38: =B38-C38 -> #REF!
A39: CLAUDIA ELENA LOPEZ AYALA | B39: ='TABULADOR DE SUELDOS 2020'!#REF! -> #REF! | C39: 2349.995 | D39: 90414146995 | E39: =B39-C39 -> #REF!
A40: JESUS BRAVO SANTANA | B40: ='TABULADOR DE SUELDOS 2020'!#REF! -> #REF! | C40: 3149.5025 | D40: 90415393627 | E40: =B40-C40 -> #REF!
A41: VANESSA ESMERALDA MORALES JUAREZ | B41: ='TABULADOR DE SUELDOS 2020'!#REF! -> #REF! | C41: 2870.0526 | D41: 90416817986 | E41: =B41-C41 -> #REF!
A42: MARIA GUADALUPE CHAVOLLA | B42: ='TABULADOR DE SUELDOS 2020'!#REF! -> #REF! | C42: 2349.995 | D42: 90419395292 | E42: =B42-C42 -> #REF!
A43: JESUS ANTONIO ARROYO TRUJILLO | B43: ='TABULADOR DE SUELDOS 2020'!#REF! -> #REF! | C43: 2349.995 | D43: 90414792277 | E43: =B43-C43 -> #REF!
A44: JOSE GALVAN PIMENTEL | B44: ='TABULADOR DE SUELDOS 2020'!#REF! -> #REF! | C44: 2460.004 | D44: 90355271179 | E44: =B44-C44 -> #REF!
A45: GERARDO CARDENAS ALCALA | B45: ='TABULADOR DE SUELDOS 2020'!#REF! -> #REF! | C45: 2770.0066 | D45: 90423297661 | E45: =B45-C45 -> #REF!
A46: LEOPOLDO CRUZ DIAZ | B46: ='TABULADOR DE SUELDOS 2020'!#REF! -> #REF! | C46: 2349.995 | D46: 90425266658 | E46: =B46-C46 -> #REF!
A47: TERESA ZACARIAS RUEDAS | B47: ='TABULADOR DE SUELDOS 2020'!#REF! -> #REF! | C47: 2349.995 | D47: 90423163312 | E47: =B47-C47 -> #REF!
... A60: MARIA GUADALUPE HERNANDEZ AYALA | B60: ='TABULADOR DE SUELDOS 2020'!#REF! -> #REF! | C60: 9421.905 | D60: 90433149814 | E60: =B60-C60 -> #REF!
A61: ANDREA ALCALA CANCHOLA | B61: ='TABULADOR DE SUELDOS 2020'!#REF! -> #REF! | C61: 2349.995 | D61: 90424468354
A62: JOSE ALBERTO RAMIREZ CISNEROS | B62: ='TABULADOR DE SUELDOS 2020'!#REF! -> #REF! | C62: 2349.995 | D62: 90432327298 | E62: =B62-C62 -> #REF!
A63: JESUS GARCIA PEÑA | B63: ='TABULADOR DE SUELDOS 2020'!#REF! -> #REF! | C63: 2349.995 | D63: 90431075392 | E63: =B63-C63 -> #REF!
A64: JOSE LUIS LOPEZ OCEGUEDA | B64: ='TABULADOR DE SUELDOS 2020'!#REF! -> #REF! | C64: 2349.995 | D64: 90433872508 | E64: =B64-C64 -> #REF!
A65: RAMIRO HERRERA MURILLO | B65: ='TABULADOR DE SUELDOS 2020'!#REF! -> #REF! | C65: 4992.1406 | D65: 90433609912 | E65: =B65-C65 -> #REF!
A66: JOSE ALFREDO ORDUÑA TREJO | B66: ='TABULADOR DE SUELDOS 2020'!#REF! -> #REF! | C66: 2699.9975 | D66: 90401895654 | E66: =B66-C66 -> #REF!
A67: RIGOBERTO CASTRO FRIAS | B67: ='TABULADOR DE SUELDOS 2020'!#REF! -> #REF! | C67: 2769.5032 | D67: 90362976706 | E67: =B67-C67 -> #REF!
A68: JOSE GUADALUPE HERNANDEZ BAÑALES | B68: ='TABULADOR DE SUELDOS 2020'!#REF! -> #REF! | C68: 2349.995 | D68: 90407421794 | E68: =B68-C68 -> #REF!
A69: JOSE GUADALUPE RODRIGUEZ GALVAN | B69: ='TABULADOR DE SUELDOS 2020'!#REF! -> #REF! | C69: 2957.77 | D69: 90401993834 | E69: =B69-C69 -> #REF!
A70: TYARA BETZAVEE AGUILAR VALADEZ | B70: ='TABULADOR DE SUELDOS 2020'!#REF! -> #REF! | C70: 3357.2673 | D70: 90409386627 | E70: =B70-C70 -> #REF!
A71: JESUS HIDALGO GOMEZ | B71: ='TABULADOR DE SUELDOS 2020'!#REF! -> #REF! | C71: 2249.998 | D71: 90406597597 | E71: =B71-C71 -> #REF!
A72: ISRAEL CERVANTES ARELLANO | B72: ='TABULADOR DE SUELDOS 2020'!#REF! -> #REF! | C72: 3160.0025 | D72: 90407505947 | E72: =B72-C72 -> #REF!
A73: ANGELICA MA. ALVARADO RAMIREZ | B73: ='TABULADOR DE SUELDOS 2020'!#REF! -> #REF! | C73: 6448.2375 | D73: 90400463114 | E73: =B73-C73 -> #REF!
... A80: ALFREDO CRUZ SERRATO | B80: ='TABULADOR DE SUELDOS 2020'!#REF! -> #REF! | C80: 2762.3026 | D80: 90401176801 | E80: =B80-C80 -> #REF!
A82: TOTAL | B82: =SUM(B3:B81) -> #REF! | C82: =SUM(C3:C81) -> 246126.67

Sheet  SEGURIDAD BANCOMER
A2: FRANCISCO SALAS TORRES | B2: ='TABULADOR DE SUELDOS 2020'!#REF! -> #REF! | C2: 4774.8123 | D2: 2956865496 | E2: =B2-C2 -> #REF!
A3: DANIEL SALAS TORRES | B3: ='TABULADOR DE SUELDOS 2020'!#REF! -> #REF! | C3: 4275.6675 | D3: 2877004834 | E3: =B3-C3 -> #REF!
A4: JORGE ALEXANDER PEREZ TEJEDA | B4: ='TABULADOR DE SUELDOS 2020'!#REF! -> #REF! | C4: 4275.6675 | D4: 2880511919 | E4: =B4-C4 -> #REF!
A5: JOSE FRANCISCO HERNANDEZ CASTILLO | B5: ='TABULADOR DE SUELDOS 2020'!#REF! -> #REF! | C5: 4275.6675 | D5: 2908151660 | E5: =B5-C5 -> #REF!
A6: J. JESUS HERNANDEZ GARCIA | B6: ='TABULADOR DE SUELDOS 2020'!#REF! -> #REF! | C6: 4275.6675 | D6: 2957045158 | E6: =B6-C6 -> #REF!
A7: JAIME SALAS MARES | B7: ='TABULADOR DE SUELDOS 2020'!#REF! -> #REF! | C7: 4275.6675 | D7: 2956863965 | E7: =B7-C7 -> #REF!
A8: JUAN JOSE ALVARES JUAREZ | B8: ='TABULADOR DE SUELDOS 2020'!#REF! -> #REF! | C8: 4774.8123 | D8: 2878909407 | E8: =B8-C8 -> #REF!
A9: JOSE MERCEDES ALVARADO VAZQUEZ | B9: ='TABULADOR DE SUELDOS 2020'!#REF! -> #REF! | C9: 4275.6675 | D9: 2957115881 | E9: =B9-C9 -> #REF!
A10: FROILAN TORRES GOMEZ | B10: ='TABULADOR DE SUELDOS 2020'!#REF! -> #REF! | C10: 3820.8232 | D10: 2956706541 | E10: =B10-C10 -> #REF!
A11: MARCELINO GUTIERREZ AGUAYO | B11: ='TABULADOR DE SUELDOS 2020'!#REF! -> #REF! | C11: 3820.8232 | D11: 2956990401 | E11: =B11-C11 -> #REF!
A12: ALFONSO GARCIA MADRIGAL | B12: ='TABULADOR DE SUELDOS 2020'!#REF! -> #REF! | C12: 4275.6675 | D12: 2957069812 | E12: =B12-C12 -> #REF!
A13: JOSE HERNANDEZ RODRIGUEZ | B13: ='TABULADOR DE SUELDOS 2020'!#REF! -> #REF! | C13: 6028.7925 | D13: 1519207044 | E13: =B13-C13 -> #REF!
... A33: JESUS SALAS PEREZ | B33: ='TABULADOR DE SUELDOS 2020'!#REF! -> #REF! | C33: 3820.8232 | D33: 1551301023 | E33: =B33-C33 -> #REF!
A34: ENRIQUE RODRIGUEZ GOMEZ | B34: ='[3]1ERA QUINCENA DE MARZO 2019'!L645 -> 4774.8123 | C34: 4774.8123 | D34: 2908151660 | E34: =B34-C34 -> 0
A35: FRANCISCO MENDEZ TORRES | B35: ='TABULADOR DE SUELDOS 2020'!#REF! -> #REF! | C35: 5986.0375 | D35: 1549308710 | E35: =B35-C35 -> #REF!
A36: JUAN AGUSTIN DIAZ GARIBAY | B36: ='TABULADOR DE SUELDOS 2020'!#REF! -> #REF! | C36: 3820.8232 | D36: 1554006367 | E36: =B36-C36 -> #REF!
A37: DANIEL GUARDIAN GARIBAY | B37: ='TABULADOR DE SUELDOS 2020'!#REF! -> #REF! | C37: 3820.8232 | D37: 1567174837 | E37: =B37-C37 -> #REF!
A38: BLANCA SALAS RODRIGUEZ | B38: ='TABULADOR DE SUELDOS 2020'!#REF! -> #REF! | C38: 3719.9375 | D38: 1570065946 | E38: =B38-C38 -> #REF!
A39: JAVIER ARTURO PEREZ ORTIZ | B39: ='TABULADOR DE SUELDOS 2020'!#REF! -> #REF! | C39: 3719.9375 | D39: 2647970099 | E39: =B39-C39 -> #REF!
A40: JESUS ANTONIO LOPEZ LOPEZ | B40: ='TABULADOR DE SUELDOS 2020'!#REF! -> #REF! | C40: 4275.6675 | D40: 2798234523 | E40: =B40-C40 -> #REF!
A41: LUIS ALVARADO VAZQUEZ | B41: ='TABULADOR DE SUELDOS 2020'!#REF! -> #REF! | C41: 3820.8232 | D41: 2956863558 | E41: =B41-C41 -> #REF!
A42: DANIEL CERVANTES LOPEZ | B42: ='TABULADOR DE SUELDOS 2020'!#REF! -> #REF! | C42: 6637.2935 | D42: 2956990584 | E42: =B42-C42 -> #REF!
A43: HUMBERTO GABRIEL BERNAL CERVANTES | B43: ='TABULADOR DE SUELDOS 2020'!#REF! -> #REF! | C43: 4275.67 | D43: 2868534179 | E43: =B43-C43 -> #REF!
A44: JOSE ANTONIO CERVANTES RODRIGUEZ | B44: ='TABULADOR DE SUELDOS 2020'!#REF! -> #REF! | C44: 5986.2125 | D44: 1136424708 | E44: =B44-C44 -> #REF!
A45: JESUS FRANCISCO CISNEROS PADILLA | B45: ='TABULADOR DE SUELDOS 2020'!#REF! -> #REF! | C45: 4719.9323 | D45: 2959461620 | E45: =B45-C45 -> #REF!
A46: JOSE GUSTAVO HERNANDEZ SALCEDO | B46: ='TABULADOR DE SUELDOS 2020'!#REF! -> #REF! | C46: 8847.33 | D46: 2959891854 | E46: =B46-C46 -> #REF!
... A56: ABRAHAM LARA MACIAS | B56: ='TABULADOR DE SUELDOS 2020'!#REF! -> #REF! | C56: 3820.3232 | D56: 1544806720 | E56: =B56-C56 -> #REF!
A57: PEDRO DE JESUS GONZALEZ | B57: ='TABULADOR DE SUELDOS 2020'!#REF! -> #REF! | C57: =F57 -> #REF! | D57: 2689261311 | E57: =B57-C57 -> #REF! | F57: =B57-'EFECTIVO ADMON'!F8 -> #REF!
A58: GUILLERMO GARCIA PADILLA | B58: ='TABULADOR DE SUELDOS 2020'!#REF! -> #REF! | C58: =F58 -> #REF! | D58: 1503407977 | E58: =B58-C58 -> #REF! | F58: =B58-'EFECTIVO ADMON'!F4 -> #REF!
A59: RAFAEL HERNANDEZ RAMIREZ | B59: ='TABULADOR DE SUELDOS 2020'!#REF! -> #REF! | C59: =F59 -> #REF! | D59: 2956989950 | E59: =B59-C59 -> #REF! | F59: =B59-'EFECTIVO ADMON'!F6 -> #REF!
A60: TOTAL B.S | B60: =SUM(B2:B59) -> #REF! | C60: =SUM(C2:C59) -> #REF!

Sheet SEGURIDAD EFECTIVO
A1: SALVADOR HERNANDEZ MAGDALENO | B1: ='TABULADOR DE SUELDOS 2020'!#REF! -> #REF! | C1: 4275.6675 | D1: =B1-C1 -> #REF!
A2: MIGUEL ALEJANDRO GUERRERO | B2: ='TABULADOR DE SUELDOS 2020'!#REF! -> #REF! | C2: 3820.8232 | D2: =B2-C2 -> #REF!
A3: JUAN JESUS HERNANDEZ ALVARADO | B3: ='TABULADOR DE SUELDOS 2020'!#REF! -> #REF! | C3: 3820.3232 | D3: =B3-C3 -> #REF!
A4: RAFAEL COVARRUBIAS RIOS | B4: ='TABULADOR DE SUELDOS 2020'!#REF! -> #REF! | C4: 3820.8232 | D4: =B4-C4 -> #REF!
A5: FELIPE RAMON COMPARAN DUEÑAS | B5: ='TABULADOR DE SUELDOS 2020'!#REF! -> #REF! | C5: 6028.8925 | D5: =B5-C5 -> #REF!
A6: ISACC TOLEDO RODRIGUEZ | B6: ='TABULADOR DE SUELDOS 2020'!#REF! -> #REF! | C6: 1140.1787 | D6: =B6-C6 -> #REF!
A7: EDGAR LICEA CASTILLO | B7: ='TABULADOR DE SUELDOS 2020'!#REF! -> #REF! | C7: 3820.3232 | D7: =B7-C7 -> #REF!
A8: TOTAL EFECTIVO | B8: =SUM(B1:B7) -> #REF! | C8: =SUM(C1:C7) -> 26727.032

Sheet SEGURIDAD BANAMEX
A3: JESUS IVAN MENDEZ APARICIO | B3: ='TABULADOR DE SUELDOS 2020'!#REF! -> #REF! | C3: 3820.8232 | D3: 90411612529 | E3: =B3-C3 -> #REF!
A4: ROGELIO ARREDONDO CASTILLO | B4: ='TABULADOR DE SUELDOS 2020'!#REF! -> #REF! | C4: 3820.8232 | D4: 90411831891 | E4: =B4-C4 -> #REF!
A5: JOSE ANTONIO CAMPOS RODRIGUEZ | B5: ='TABULADOR DE SUELDOS 2020'!#REF! -> #REF! | C5: 3820.8232 | D5: 90416564336 | E5: =B5-C5 -> #REF!
A6: JAIME ALVARADO PIMENTEL | B6: ='TABULADOR DE SUELDOS 2020'!#REF! -> #REF! | C6: 3820.8232 | D6: 90417893104 | E6: =B6-C6 -> #REF!
A7: DANIEL CERVANTES LOPEZ PADRE | B7: ='TABULADOR DE SUELDOS 2020'!#REF! -> #REF! | C7: 3820.8232 | D7: 90421115442 | E7: =B7-C7 -> #REF!
A8: LEONARDO PADILLA TORRES | B8: ='TABULADOR DE SUELDOS 2020'!#REF! -> #REF! | C8: 6637.6 | D8: 90400287006 | E8: =B8-C8 -> #REF!
A9: MIGUEL ALEJANDRO GUERRERO | B9: ='TABULADOR DE SUELDOS 2020'!#REF! -> #REF! | C9: 3820.8232 | D9: 90429052164 | E9: =B9-C9 -> #REF!
A10: JUAN JESUS HERNANDEZ ALVARADO | B10: ='TABULADOR DE SUELDOS 2020'!#REF! -> #REF! | C10: 3820.3232 | D10: 90430610391 | E10: =B10-C10 -> #REF!
A11: FELIPE DE JESUS GARCIA PADILLA | B11: ='TABULADOR DE SUELDOS 2020'!#REF! -> #REF! | C11: 3820.8232 | D11: 70134563816 | E11: =B11-C11 -> #REF!
A12: CARLOS ALBERTO RODRIGUEZ GARCIA | B12: ='TABULADOR DE SUELDOS 2020'!#REF! -> #REF! | C12: 4959.9167 | D12: 90433793705 | E12: =B12-C12 -> #REF!
A13: ARTURO AVILAS BOLAÑOS | B13: ='TABULADOR DE SUELDOS 2020'!#REF! -> #REF! | C13: 3820.8232 | D13: 90247161626 | E13: =B13-C13 -> #REF!
A14: SANTIAGO JESUS VEGA LINARES | B14: ='TABULADOR DE SUELDOS 2020'!#REF! -> #REF! | C14: 3820.8232 | D14: 90414150399 | E14: =B14-C14 -> #REF!
... A23: YENNYFER ARALY DE LA PAZ CARMONA | B23: ='TABULADOR DE SUELDOS 2020'!#REF! -> #REF! | C23: 3719.9375 | D23: 90427882801 | E23: =B23-C23 -> #REF!
A24: JESUS MARTIN CASTILLO ARROYO | B24: ='TABULADOR DE SUELDOS 2020'!#REF! -> #REF! | C24: =F24 -> #REF! | D24: 90400061431 | E24: =B24-C24 -> #REF! | F24: =B24-'EFECTIVO ADMON'!F9 -> #REF!
A25: MA. DE JESUS LOPEZ FLORES | B25: ='TABULADOR DE SUELDOS 2020'!#REF! -> #REF! | C25: =F25 -> #REF! | D25: 90401157416 | E25: =B25-C25 -> #REF! | F25: =B25-'EFECTIVO ADMON'!F5 -> #REF!
C26: . | E26: =B26-C26 -> #VALUE!
A27: TOTAL | B27: =SUM(B2:B25) -> #REF! | C27: =SUM(C2:C25) -> #REF!
